 Dungeon Crawl Stone Soup version 0.30-a0-778-g2ef04afb54 (webtiles) character file.

Game seed: 980403237993382107

25578 jlumianski the Cleaver (level 12, 0/95 HPs)
             Began as a Demonspawn Fighter on Feb 15, 2023.
             Was an Elder of Qazlal.
             Killed from afar by an electric eel (13 damage)
             ... with a bolt of electricity
             ... on level 1 of the Lair of Beasts.
             The game lasted 00:44:24 (11636 turns).

jlumianski the Cleaver (Demonspawn Fighter)        Turns: 11636, Time: 00:44:25

Health: 0/95       AC: 17    Str: 21    XL:     12   Next: 90%
Magic:  20/20      EV:  8    Int:  9    God:    Qazlal [****..]
Gold:   268        SH:  5    Dex: 14    Spells: 11/11 levels left

rFire   . . .      SeeInvis +    X - +2 broad axe (freeze)
rCold   . . .      Faith    .    (no shield)
rNeg    . . .      Spirit   .    M - +0 plate armour
rPois   .          Reflect  .    (helmet unavailable)
rElec   .          Harm     .    (cloak unavailable)
rCorr   .          Rampage  .    (gloves unavailable)
Will    +....                    p - +2 pair of boots Stlth
                                 k - amulet of regeneration
HPRegen 1.15/turn                h - +4 ring of slaying
MPRegen 0.17/turn                V - ring of willpower

@: studying Short Blades, repel missiles
A: antennae 3, demonic guardian 1, demonic magic 1, weakness stinger 3, demonic
touch 3
a: Renounce Religion, Upheaval, Elemental Force


You were on level 1 of the Lair of Beasts.
You worshipped Qazlal.
Qazlal was greatly pleased with you.
You visited 2 branches of the dungeon, and saw 12 of its levels.

You collected 663 gold pieces.
You spent 395 gold pieces at shops.

Inventory:

Hand Weapons
 l - the +9 hand axe of the Lettuce {spect, rElec SInv}
   (You took it off a kobold on level 2 of the Dungeon)

   rElec:     It insulates you from electricity.
   SInv:      It lets you see invisible.
 E - the +7 hammer "Ceneas" {heavy, Dex+3}
   (You found it on level 3 of the Dungeon)

   Dex:       It affects your dexterity (+3).
 X - a +2 broad axe of freezing (weapon)
Missiles
 q - 9 curare-tipped darts
 u - 3 boomerangs
 y - 3 throwing nets
 z - 6 silver boomerangs
 I - 46 poisoned darts (quivered)
 Q - 2 javelins
Armour
 p - a +2 pair of boots (worn)
 M - a +0 plate armour (worn)
Jewellery
 h - a +4 ring of slaying (left hand)
 j - a ring of magical power
 k - an amulet of regeneration (around neck)
 s - a ring of positive energy
 w - a ring of ice
 V - a ring of willpower (right hand)
Wands
 n - a wand of flame (39)
 v - a wand of digging (3)
 x - a wand of light (3)
 A - a wand of roots (12)
Scrolls
 b - 2 scrolls of identify
 f - 3 scrolls of vulnerability
 m - 3 scrolls of magic mapping
 o - a scroll of fog
 r - a scroll of fear
 t - 7 scrolls of teleportation
 B - a scroll of butterflies
 C - a scroll of immolation
 G - 2 scrolls of enchant armour
Potions
 c - a potion of invisibility
 d - 3 potions of might
 e - a potion of resistance
 g - 2 potions of heal wounds
 i - 2 potions of attraction
 F - 2 potions of haste
 P - 3 potions of lignification
 R - 3 potions of curing
 S - 4 potions of flight
Miscellaneous
 a - a phial of floods


   Skills:
 + Level 9.3 Fighting
 + Level 12.8 Axes
 + Level 0.2(8.1) Maces & Flails
 + Level 0.5 Throwing
 + Level 9.9 Armour
 + Level 3.3 Dodging
 - Level 1.3 Stealth
 - Level 4.5 Shields
 * Level 11.8 Invocations


You had 11 spell levels left.
You didn't know any spells.
Your spell library contained the following spells:

 Spells                   Type           Power      Damage    Failure   Level
 Freeze                   Ice            0%         1d3       99%         1
 Magic Dart               Conj           0%         1d3       99%         1
 Call Imp                 Summ           0%         N/A       100%        2
 Frozen Ramparts          Ice            0%         1d1       100%        3
 Hailstorm                Conj/Ice       0%         3d3       100%        3
 Kindle Blastsparks       Fire/Tloc/Air  0%         2d10      100%        3
 Mephitic Cloud           Conj/Pois/Air  0%         N/A       100%        3
 Fulminant Prism          Conj/Hex       0%         3d5       100%        4
 Ice Form                 Ice/Tmut       0%         N/A       100%        4
 Iskenderun's Mystic Bla  Conj/Tloc      0%         2d3       100%        4
 Summon Ice Beast         Ice/Summ       0%         N/A       100%        4
 Lee's Rapid Deconstruct  Erth           0%         3d4*      100%        5


Dungeon Overview and Level Annotations

Branches:
Dungeon (11/15)            Temple (0/1) D:7            Lair (1/5) D:11
    Orc: D:9-12

Altars:
Ashenzari
Cheibriados
Fedhas
Gozag
Hepliaklqana
Kikubaaqudgha
Makhleb
Nemelex Xobeh
Okawaru
Qazlal
Sif Muna
Wu Jian
Xom
Yredelemnul

Shops:
D:3 *   D:4 =   D:7 !(**   D:9 ?(!

Annotations:
D:9 2 transporters, 3 runed translucent doors, Newt's ghost, novice DsGl


Innate Abilities, Weirdness & Mutations

You have a pair of large antennae on your head. (SInv)
A weak demonic guardian rushes to your aid.
Spells you cast may paralyse adjacent enemies.
You have a sharp stinger which inflicts weakening toxins.
Your touch may irresistibly damage your foes and sap their willpower.


Message History

You tail-slap the torpor snail.
You kill the torpor snail!
Qazlal accepts your kill.
You feel yourself speed up. 2 electric eels come into view.
The electric eel shoots out a bolt of lightning at you!
The bolt of electricity hits the electric eel.
The electric eel completely resists.
The bolt of electricity hits you!
You see here a torpor snail corpse.
A basilisk comes into view.
Found two ring mails, 3 poisoned darts and a blackened wooden ring.
The electric eel shoots out a bolt of lightning at you!
The bolt of electricity hits you. x2
The bolt of electricity hits the electric eel.
The electric eel completely resists.
Found 9 gold pieces.
The electric eel shoots out a bolt of lightning at you!
The bolt of electricity hits the electric eel.
The electric eel completely resists.
The bolt of electricity hits you. The bolt of electricity hits you!
The bolt of electricity hits the electric eel.
The electric eel completely resists.
The electric eel shoots out a bolt of lightning at you!
The bolt of electricity hits you!
* * * LOW HITPOINT WARNING * * *
The bolt of electricity hits you.
* * * LOW HITPOINT WARNING * * *
The bolt of electricity misses the electric eel.
The bolt of electricity hits the electric eel.
The electric eel completely resists.
You closely miss the electric eel.
Your tail-slap misses the electric eel.
You touch the electric eel!
You kill the electric eel!
Qazlal accepts your kill.
You hear a splash.
The electric eel shoots out a bolt of lightning at you!
The bolt of electricity hits you!
* * * LOW HITPOINT WARNING * * *
A demonic guardian appears!
The bolt of electricity hits you!
You die...

....####..##.......†..#
###........#......††..#
###P.#.#............#
########..........#
##.####..###
#.#....#####
###..###~(=#
#.○##≈≈~[[~ ##§@≈S≈l~~$
#.☼.≈≈≈~~# #5#≈§~~~≈#
..#≈≈~≈≈≈. ##.##≈≈≈≈≈#
#.. #≈.≈## ##. ...# ###
# .#.. ####.### ###


You could see a basilisk, an electric eel (ally target) and a friendly ufetubus
(summoned).

Vanquished Creatures
  Fannar (D:11)
  A hydra (Lair:1)
  A catoblepas (Lair:1)
  A boulder beetle (Lair:1)
  2 two-headed ogres (D:10)
  Erica (D:11)
  5 death yaks
  The ghost of asti the Cleaver, a novice MiBe of Trog (D:7)
  An orange crystal statue (D:9)
  The ghost of jimonade the Poker, a novice FoFi (D:6)
  2 cyclopes (D:11)
  2 black mambas (Lair:1)
  An ice statue (D:11)
  Joseph (D:8)
  2 gargoyles
  2 torpor snails (Lair:1)
  An unseen horror (D:11)
  Maggie (D:8)
  A spectral unseen horror (D:6)
  3 komodo dragons
  An unseen horror simulacrum (D:6)
  Eustachio (D:3)
  2 wyverns
  A wraith (D:11)
  29 yaks
  Grum (D:11)
  5 vampire mosquitoes
  4 acid dragons
  8 water moccasins
  2 ice beasts (D:6)
  3 black bears
  A sky beast (D:4)
  3 wolves
  3 centaurs
  A phantom (D:5)
  7 kobold brigands
  3 bullfrogs
  2 gnoll sergeants
  4 necrophages (D:6)
  3 scorpions (D:6)
  2 water moccasin zombies (D:6)
  11 wights
  4 killer bees (D:10)
  5 howler monkeys
  2 electric eels
  A crimson imp (D:6)
  A human zombie (D:6)
  A bullfrog zombie (D:6)
  Crazy Yiuf (D:3)
  7 hounds
  11 orc priests
  5 gnoll boudas
  4 iguanas
  4 orc wizards
  A spectral killer bee (D:6)
  A howler monkey zombie (D:6)
  A mummy (D:6)
  Robin (D:3)
  33 gnolls
  7 adders
  2 shadow imps (D:3)
  A white imp (D:6)
  2 ufetubi
  A worm (D:2)
  3 dart slugs
  19 orcs
  7 ball pythons
  2 bats
  2 endoplasms
  7 hobgoblins
  8 jackals (D:1)
  39 kobolds
  2 quokkas
  6 frilled lizards
  7 goblins
  2 rats
  A bush (D:7)
329 creatures vanquished.

Vanquished Creatures (collateral kills)
  A death yak (D:10)
  A yak (D:10)
2 creatures vanquished.

Vanquished Creatures (others)
  A fungus (Lair:1)
  7 plants
8 creatures vanquished.

Grand Total: 339 creatures vanquished

Notes
Turn   | Place    | Note
-------+----------+-------------------------------------------
     0 | D:1      | jlumianski the Demonspawn Fighter began the quest for the
                  | Orb.
     0 | D:1      | Reached XP level 1. HP: 18/18 MP: 1/1
   133 | D:1      | Discovered your monstrous ancestry.
   133 | D:1      | Gained mutation: You have a small tail. [demonic ancestry]
   133 | D:1      | Reached XP level 2. HP: 20/24 MP: 2/2
   154 | D:1      | Reached skill level 2 in Axes
   471 | D:2      | Gained mutation: Spells you cast may paralyse adjacent
                  | enemies. [demonic ancestry]
   471 | D:2      | Reached XP level 3. HP: 9/29 MP: 3/3
   649 | D:2      | Identified the +9 hand axe of the Lettuce {spect, rElec
                  | SInv}
  1379 | D:3      | Found an ancient bone altar of Kikubaaqudgha.
  1520 | D:3      | Found a hazy altar of Hepliaklqana.
  1542 | D:3      | Gained mutation: You have a pair of small antennae on your
                  | head. [demonic ancestry]
  1542 | D:3      | Reached XP level 4. HP: 29/35 MP: 4/4
  1657 | D:3      | Found a broken altar of Ashenzari.
  1768 | D:3      | Found a runed translucent door.
  1769 | D:3      | Noticed Crazy Yiuf
  1782 | D:3      | Found Gozag's Platinum Reserve.
  1790 | D:3      | Noticed Robin
  1793 | D:3      | Killed Robin
  1823 | D:3      | Found an opulent altar of Gozag.
  1847 | D:3      | Found a transporter.
  1989 | D:3      | Gained mutation: You have a tail ending in a sharp stinger.
                  | [demonic ancestry]
  1989 | D:3      | Reached XP level 5. HP: 41/41 MP: 5/5
  2039 | D:3      | Found a transporter.
  2216 | D:3      | Killed Crazy Yiuf
  2228 | D:3      | Identified the +7 hammer "Ceneas" {heavy, Dex+3}
  2421 | D:3      | Reached skill level 3 in Axes
  2425 | D:3      | Gained mutation: You have a pair of antennae on your head.
                  | [demonic ancestry]
  2425 | D:3      | Reached XP level 6. HP: 30/48 MP: 6/6
  2519 | D:4      | Noticed Eustachio
  2547 | D:3      | Killed Eustachio
  2577 | D:4      | Reached skill level 1 in Stealth
  2590 | D:4      | Found Leph's Jewellery Shoppe.
  2785 | D:4      | Noticed a sky beast
  2796 | D:4      | Killed a sky beast
  2797 | D:4      | Reached skill level 1 in Dodging
  2797 | D:4      | Gained mutation: Your touch may inflict minor irresistible
                  | damage on your foes. [demonic ancestry]
  2797 | D:4      | Reached XP level 7. HP: 53/53 MP: 7/7
  2854 | D:4      | Reached skill level 4 in Axes
  3233 | D:5      | Entered Level 5 of the Dungeon
  3239 | D:5      | Found a stormy altar of Qazlal.
  3245 | D:5      | Identified the +1 ring mail "Puhar" {rC+}
  3252 | D:5      | Became a worshipper of Qazlal Stormbringer
  3417 | D:5      | Reached skill level 5 in Armour
  3460 | D:5      | Reached skill level 1 in Invocations
  3688 | D:5      | Found an ornate altar of the Wu Jian Council.
  3727 | D:5      | Found a blossoming altar of Fedhas.
  3745 | D:4      | Gained mutation: Your touch may inflict irresistible damage
                  | on your foes. [demonic ancestry]
  3745 | D:4      | Reached XP level 8. HP: 60/60 MP: 9/9
  3878 | D:6      | Reached skill level 5 in Axes
  3965 | D:6      | Reached * piety under Qazlal
  3966 | D:6      | Found a snail-covered altar of Cheibriados.
  4037 | D:6      | Reached skill level 5 in Fighting
  4210 | D:6      | Found a runed translucent gate.
  4210 | D:6      | Found a runed translucent gate.
  4210 | D:6      | Found a runed translucent gate.
  4213 | D:6      | Noticed a spectral unseen horror
  4283 | D:6      | Reached skill level 6 in Axes
  4347 | D:6      | Found a burning altar of Makhleb.
  4413 | D:6      | Gained mutation: Your touch may irresistibly damage your
                  | foes and sap their willpower. [demonic ancestry]
  4413 | D:6      | Reached XP level 9. HP: 64/68 MP: 12/12
  4436 | D:6      | Reached skill level 5 in Invocations
  4489 | D:6      | Found a basalt altar of Yredelemnul.
  4555 | D:6      | Found a shimmering blue altar of Sif Muna.
  4719 | D:6      | Noticed jimonade's ghost (novice FoFi)
  4840 | D:6      | Killed a spectral unseen horror
  4840 | D:6      | Reached ** piety under Qazlal
  4841 | D:6      | Reached skill level 7 in Axes
  4843 | D:6      | Killed jimonade's ghost
  4908 | D:7      | Noticed a gargoyle
  4914 | D:7      | Killed a gargoyle
  4961 | D:7      | Found a staircase to the Ecumenical Temple.
  5216 | D:7      | Found Nyhen's Weapon Boutique.
  5219 | D:7      | Found Ehollow's Distillery.
  5247 | D:7      | Gained mutation: You have a sharp stinger which inflicts
                  | weakening toxins. [demonic ancestry]
  5247 | D:7      | Reached XP level 10. HP: 65/76 MP: 15/15
  5773 | D:7      | Reached skill level 8 in Axes
  5845 | D:7      | Found Saufois's General Store.
  5846 | D:7      | Found Zumasch's Specific Store.
  5859 | D:7      | Bought a potion of heal wounds for 60 gold pieces
  5859 | D:7      | Bought a potion of curing for 36 gold pieces
  5859 | D:7      | Bought a scroll of teleportation for 36 gold pieces
  5859 | D:7      | Bought a potion of flight for 36 gold pieces
  5957 | D:7      | Found a runed translucent gate.
  5957 | D:7      | Found a runed translucent gate.
  5957 | D:7      | Found a runed translucent gate.
  5961 | D:7      | Noticed asti's ghost (novice MiBe)
  5974 | D:7      | Killed asti's ghost
  6145 | D:8      | Noticed Joseph
  6155 | D:8      | Killed Joseph
  6647 | D:8      | Noticed Maggie
  6661 | D:8      | Killed Maggie
  7121 | D:9      | Reached skill level 9 in Axes
  7512 | D:9      | Found Adduqeuf's Magic Scroll Boutique.
  7520 | D:9      | Bought a scroll of enchant armour for 97 gold pieces
  7520 | D:9      | Bought 3 scrolls of identify for 78 gold pieces
  7520 | D:9      | Bought a scroll of identify for 26 gold pieces
  7520 | D:9      | Bought a scroll of identify for 26 gold pieces
  7529 | D:9      | Reached *** piety under Qazlal
  7708 | D:9      | Found a transporter.
  7725 | D:9      | Noticed Newt's ghost (novice DsGl)
  7738 | D:9      | Found a transporter.
  7763 | D:9      | Gained mutation: You have a pair of large antennae on your
                  | head. (SInv) [demonic ancestry]
  7763 | D:9      | Reached XP level 11. HP: 83/83 MP: 17/17
  7950 | D:9      | Found a shimmering altar of Xom.
  7995 | D:10     | Entered Level 10 of the Dungeon
  8104 | D:9      | Found Ibluvoax's Weapon Emporium.
  8142 | D:9      | Found Nokhle's Distillery.
  8234 | D:9      | Found a runed translucent door.
  8302 | D:9      | Reached skill level 10 in Axes
  8327 | D:9      | Found a runed translucent door.
  8458 | D:9      | Found a runed translucent door.
  8472 | D:9      | Found a runed translucent door.
  8683 | D:9      | Reached **** piety under Qazlal
  8690 | D:9      | Noticed an orange crystal statue
  8727 | D:9      | Killed an orange crystal statue
  9024 | D:10     | Found an iron altar of Okawaru.
  9126 | D:10     | Noticed a two-headed ogre
  9133 | D:10     | Killed a two-headed ogre
  9619 | D:10     | Found a sparkling altar of Nemelex Xobeh.
  9762 | D:11     | Noticed Fannar
  9766 | D:11     | Noticed Erica
  9767 | D:11     | Reached skill level 11 in Axes
  9777 | D:11     | Killed Fannar
  9781 | D:11     | Reached skill level 10 in Invocations
  9781 | D:11     | Killed Erica
  9952 | D:11     | Noticed a death yak
  9956 | D:11     | Noticed a death yak
  9958 | D:11     | Noticed a death yak
  9958 | D:11     | Killed a death yak
  9959 | D:11     | Noticed a death yak
  9962 | D:11     | Noticed a death yak
  9964 | D:11     | Killed a death yak
  9965 | D:11     | Gained mutation: A weak demonic guardian rushes to your
                  | aid. [demonic ancestry]
  9965 | D:11     | Reached XP level 12. HP: 41/93 MP: 19/19
  9966 | D:11     | Noticed a two-headed ogre
  9968 | D:11     | Noticed a death yak
  9971 | D:11     | HP: 1/93 [death yak (14)]
  9982 | D:10     | Killed a death yak
 10203 | D:10     | Killed a death yak
 10204 | D:10     | Killed a death yak
 10301 | D:10     | Killed a two-headed ogre
 10306 | D:10     | Killed a death yak
 10539 | D:11     | Found a staircase to the Lair.
 10546 | D:11     | Reached skill level 12 in Axes
 10673 | D:11     | Noticed Grum
 10678 | D:11     | Killed Grum
 11113 | Lair:1   | Entered Level 1 of the Lair of Beasts
 11201 | Lair:1   | Noticed a boulder beetle
 11201 | Lair:1   | Noticed a catoblepas
 11214 | Lair:1   | Killed a boulder beetle
 11219 | Lair:1   | Killed a catoblepas
 11601 | Lair:1   | Noticed a seven-headed hydra
 11612 | Lair:1   | Killed a seven-headed hydra
 11636 | Lair:1   | Killed from afar by an electric eel

Illustrated notes

Levels and vault maps discovered:
D:1:      spicycebolla_green_bress_n_ham_2, layout_basic,
          dreamdust_princess_corridor, minmay_crystal_room
D:2:      layout_basic, nicolae_concentric_dashed_squares_mild
D:3:      gammafunk_wand_slinger, layout_loops_cross,
          mainiacjoe_overflow_24_doors, nicolae_ashenzari_skybound,
          mainiacjoe_overflow_cross_hatched, nicolae_gozag_zags_fifth_avenue,
          nicolae_half_adder, uniq_crazy_yiuf_cottage, uniq_robin
D:4:      layout_basic, minmay_shop_enchanted_jewellery,
          lexackson_kobold_supper, uniq_eustachio
D:5:      layout_rooms, nicolae_qazlal_scattered_showers,
          mainiacjoe_overflow_alcove_2, kennysheep_mini_moat,
          minmay_manual_mares
D:6:      layout_cave_pools, nicolae_overflow_crystal_walls,
          lemuel_mausoleum_altar_yredelemnul, lemuel_tele_altar,
          makhleb_grotto_becter, gammafunk_ghost_necromancy, grunt_ministairs_11
D:7:      layout_loops_ring, minmay_temple_entry_proselytizer,
          ebering_ghost_rock_garden, nicolae_wooded_promenade,
          kb_lookout_dungeons_type, nicolae_specific_store,
          hangedman_abyss_or_decor_lesser_grid
D:8:      layout_loops_ring, uniq_maggie, uniq_joseph
D:9:      layout_loops_ring, kennysheep_mini, gammafunk_ghost_stat_death,
          serial_shops, nicolae_shop_bloodbath_and_beyond, shop,
          nicolae_square_shop, minmay_statue_crystal_thing
D:10:     layout_roguey, mainiacjoe_overflow_alcove_1, nemelex_altar_shiori,
          okawaru_altar_gauntlet_db
D:11:     layout_basic, dpeg_lair_monsters, minivault_16, uniq_grum, uniq_erica,
          uniq_fannar
Lair:1:   layout_roguey, basic_altar, pdpol_lair_cavern_descent

Skill      XL: |  1  2  3  4  5  6  7  8  9 10 11 12 |
---------------+-------------------------------------+-----
Axes           | 2 3 4 6 7 9 11 12 | 12.8
Armour         | 3 4 5 6 7 8 9 |  9.9
Shields        | 3 4 |  4.5
Stealth        | 1 |  1.3
Dodging        | 1 2 3 |  3.3
Fighting       | 4 5 6 8 9 |  9.3
Invocations    | 2 4 7 8 10 11 | 11.8
Maces & Flails | |  0.2
Throwing       | |  0.5

Action                     |  1- 3 |  4- 6 |  7- 9 | 10-12 || total
---------------------------+-------+-------+-------+-------++-------
  Melee: War axe           |    57 |       |       |       ||    57
         Tailslap          |     2 |     5 |    21 |    72 ||   100
         Hand axe          |    14 |    37 |   123 |    75 ||   249
         Touch             |       |       |    18 |    74 ||    92
         Punch             |       |       |     2 |     4 ||     6
         Broad axe         |       |       |       |   268 ||   268
         Mace              |       |       |       |     5 ||     5
  Throw: Dart              |       |       |       |     3 ||     3
 Invoke: Elemental Force   |       |       |       |     3 ||     3
  Evoke: Wand              |       |       |       |     1 ||     1
    Use: Potion            |       |     1 |       |     5 ||     6
         Scroll            |       |       |     4 |    20 ||    24
   Stab: Distracted        |       |     1 |       |     2 ||     3
         Petrified         |       |       |       |     7 ||     7
 Armour: Scale mail        |    41 |    12 |    21 |       ||    74
         Plate armour      |       |       |    33 |   242 ||   275
         Chain mail        |       |       |     4 |       ||     4
  Dodge: Dodged            |    33 |     4 |    37 |   141 ||   215
         Repelled          |       |       |       |     2 ||     2
  Block: Buckler           |     8 |       |       |       ||     8
         Tower shield      |    31 |    20 |    21 |       ||    72
         Other             |       |       |     5 |    72 ||    77

Table legend: (Time is in decaauts)
 A = Elapsed time spent in this place.
 B = Non-inter-level travel time spent in this place.
 C = Inter-level travel time spent in this place.
 D = Time resting spent in this place.
 E = Time spent auto-exploring this place.
 F = Levels seen in this place.
 G = Mean time per level.
                   A        B        C        D        E       F      G
               +--------+--------+--------+--------+--------+-----+--------+
         Total |  11768 |  11513 |    255 |    679 |   7699 |  12 |  980.7 |
       Dungeon |  11240 |  10985 |    255 |    679 |   7363 |  11 | 1021.8 |
          Lair |    527 |    527 |      0 |      0 |    336 |   1 |  527.0 |
               +--------+--------+--------+--------+--------+-----+--------+

Top non-repeatable levels by time:
     D:9: 1711 daAuts
    D:10: 1508 daAuts
     D:7: 1239 daAuts
     D:3: 1204 daAuts
     D:8: 1015 daAuts
     D:6: 981 daAuts
     D:2: 913 daAuts
    D:11: 826 daAuts
     D:4: 743 daAuts
     D:5: 622 daAuts
  Lair:1: 527 daAuts
     D:1: 473 daAuts
